 Dungeon Crawl Stone Soup version 0.17.1-3-g152610e (webtiles) character file.

753 Crag the Sneak (level 7, -2/53 HPs)
             Began as a Vampire Artificer on Mar 20, 2016.
             Slain by a mummy (14 damage)
             ... in an ossuary on Mar 23, 2016.
             The game lasted 00:19:44 (5308 turns).

Crag the Sneak (Vampire Artificer)                  Turns: 5308, Time: 00:19:45

Health: -2/53      AC:  6    Str: 12    XL:     7   Next: 49%
Magic:  10/10      EV: 14    Int: 14    God:
Gold:   48         SH:  0    Dex: 15    Spells: 1 memorised, 5 levels left

rFire  x . .     SeeInvis +     p - +0 rapier
rCold  + . .     Clarity  .     b - +0 leather armour
rNeg   + . .     SustAt   .     (no shield)
rPois  .         Gourm    .     (no helmet)
rElec  .         Spirit   .     (no cloak)
rCorr  .         Warding  .     g - +2 pair of gloves
rMut   .         Stasis   .     (no boots)
MR     .....                    (no amulet)
Stlth  +++.......               (no ring)
                                v - ring of ice

@: not resistant to hostile enchantments, fairly stealthy
A: fangs 3, see invisible, unbreathing
a: Bat Form


You were in an ossuary.
You were not thirsty.

You visited 1 branch of the dungeon, and saw 5 of its levels.
You also visited: Ossuary.

You collected 288 gold pieces.
You spent 240 gold pieces at shops.

Inventory:

Hand Weapons
 a - a +0 short sword
 p - a +0 rapier (weapon)
 D - a +0 rapier
Missiles
 i - 3 needles of sleeping
Armour
 b - a +0 leather armour (worn)
 g - a +2 pair of gloves (worn)
 u - a +3 ring mail
Jewellery
 v - a ring of ice (left hand)
Wands
 c - a wand of flame (0)
 d - a wand of enslavement (14)
 e - a wand of random effects (12)
 s - a wand of slowing (23)
Scrolls
 f - 2 scrolls of fog {unknown}
 h - a scroll of enchant armour {unknown}
 j - a scroll of blinking {unknown}
 m - 5 scrolls of remove curse {unknown}
 o - 2 scrolls of immolation {unknown}
 r - 2 scrolls of amnesia {unknown}
 t - 3 scrolls of teleportation {unknown}
 y - a scroll of random uselessness {unknown}
 z - a scroll of magic mapping {unknown}
 A - a scroll of recharging {unknown}
 C - a scroll of enchant weapon {unknown}
Potions
 k - a potion of lignification {unknown}
 l - 2 potions of curing
 n - a potion of brilliance {unknown}
 q - a potion of magic
 w - a potion of flight {unknown}
 B - a potion of ambrosia {unknown}
Books
 x - a book of Minor Magic

   Spells                             Type                      Level
   a - Magic Dart                     Conjuration                  1
   b - Blink                          Translocation                2
   c - Call Imp                       Summoning                    2
   d - Repel Missiles                 Charms/Air                   2
   e - Slow                           Hexes                        2
   f - Conjure Flame                  Conjuration/Fire             3
   g - Mephitic Cloud                 Conjuration/Poison/Air       3


   Skills:
 + Level 3.7 Fighting
 - Level 1.1 Short Blades
 + Level 4.8 Dodging
 + Level 6.1 Stealth
 + Level 1.5 Conjurations
 + Level 4.4 Evocations


You had 5 spell levels left.
You knew the following spells:

 Your Spells              Type           Power        Failure   Level  Hunger
a - Magic Dart            Conj           #...         21%         1    ##.....


Dungeon Overview and Level Annotations

Branches:
Dungeon (5/15)
 Temple: D:4-7

Altars:
Kikubaaqudgha
Qazlal
Trog
Xom
Zin

Shops:
D:4 :


Innate Abilities, Weirdness & Mutations

You have razor-sharp teeth.
You have supernaturally acute eyesight.
You can survive without breathing.


Message History

You barely miss the kobold zombie. You bite the kobold zombie.
The gnoll zombie misses you.
The kobold zombie hits you but does no damage.
You hit the kobold zombie. The hobgoblin zombie barely misses you.
The gnoll zombie barely misses you.
The kobold zombie hits you but does no damage.
You hit the kobold zombie.
You destroy the kobold zombie!
The hobgoblin zombie barely misses you. The gnoll zombie misses you.
You hit the mummy.
The mummy is moderately damaged.
The gnoll zombie hits you but does no damage.
The hobgoblin zombie closely misses you.
You hit the mummy. You bite the mummy.
The mummy is severely damaged.
The gnoll zombie hits you.
* * * LOW HITPOINT WARNING * * *
The hobgoblin zombie closely misses you.
The mummy hits you!
You die...

#....#
#....#
#....#
#....#
#....#
#....#
#ZM..#
#.@Z.#
######


You could see a mummy, a hobgoblin zombie and a gnoll zombie.

Vanquished Creatures
  A sky beast (D:5)
  A phantom (D:4)
  An ogre (D:4)
  2 scorpions (D:4)
  A crimson imp (D:3)
  A hound (D:5)
  Jessica (D:3)
  3 orc wizards
  An iguana (D:4)
  3 mummies (Ossuary)
  6 adders
  2 oozes
  A worm (D:2)
  An adder skeleton (D:5)
  A giant gecko (D:4)
  11 orcs
  3 giant cockroaches
  14 hobgoblins
  9 jackals
  2 quokkas
  A ball python (D:1)
  3 bats
  A giant gecko skeleton (D:4)
  3 giant newts
  10 goblins
  A hobgoblin zombie (Ossuary)
  3 kobolds
  A kobold zombie (Ossuary)
  4 orc zombies (Ossuary)
  10 rats
102 creatures vanquished.

Vanquished Creatures (others)
  A crimson imp (D:5)
1 creature vanquished.

Grand Total: 103 creatures vanquished

Notes
Turn   | Place    | Note
--------------------------------------------------------------
     0 | D:1      | Crag the Vampire Artificer began the quest for the Orb.
     0 | D:1      | Reached XP level 1. HP: 14/14 MP: 2/2
   109 | D:1      | Reached skill level 1 in Fighting
   440 | D:1      | Reached XP level 2. HP: 21/21 MP: 4/4
   919 | D:1      | Reached skill level 3 in Evocations
  1002 | D:1      | Reached XP level 3. HP: 6/27 MP: 5/5
  1749 | D:2      | Reached XP level 4. HP: 23/33 MP: 6/6
  1906 | D:2      | Found a shimmering altar of Xom.
  1907 | D:2      | Found a bloodstained altar of Trog.
  2345 | D:3      | Reached skill level 4 in Stealth
  2554 | D:3      | Found a glowing silver altar of Zin.
  2593 | D:3      | Found an ancient bone altar of Kikubaaqudgha.
  2760 | D:3      | Reached XP level 5. HP: 35/39 MP: 7/7
  2869 | D:3      | Found a stormy altar of Qazlal.
  2958 | D:3      | Noticed Jessica
  2971 | D:3      | Killed Jessica
  3351 | D:4      | Noticed a phantom
  3391 | D:4      | Killed a phantom
  3391 | D:4      | Reached skill level 5 in Stealth
  3391 | D:4      | Reached XP level 6. HP: 8/46 MP: 8/8
  3645 | D:4      | Found Roemitu's Book Boutique.
  3656 | D:4      | Bought a book of Minor Magic for 240 gold pieces
  3658 | D:4      | Learned a level 1 spell: Magic Dart
  4480 | D:4      | Reached skill level 1 in Conjurations
  4480 | D:4      | Reached XP level 7. HP: 45/52 MP: 10/10
  4960 | D:5      | Entered Level 5 of the Dungeon
  5147 | D:5      | Reached skill level 6 in Stealth
  5222 | D:5      | Found a sand-covered staircase.
  5227 | Ossuary  | Entered an ossuary
  5308 | Ossuary  | Slain by a mummy

Action                   |  1- 3 |  4- 6 |  7- 9 || total
-------------------------+-------+-------+-------++-------
Melee: Short sword       |   126 |       |       ||   126
       Rapier            |    15 |   227 |   117 ||   359
 Cast: Magic Dart        |       |    11 |       ||    11
Evoke: Wand              |     3 |    11 |     6 ||    20
  Use: Potion            |       |     2 |     2 ||     4
 Stab: Sleeping          |     7 |     1 |     1 ||     9
       Distracted        |     1 |     1 |       ||     2
  Eat: Corpse            |     5 |     9 |     1 ||    15
